 Dungeon Crawl Stone Soup version 0.28.0 (console) character file.

Game seed: 8997719811155164013

3340 ryathie the Cleaver (level 10, -13/96 HPs)
             Began as a Gargoyle Fighter on Feb 19, 2022.
             Was an Elder of the Shining One.
             Mangled by a centaur warrior (14 damage)
             ... on level 8 of the Dungeon.
             The game lasted 00:19:18 (4021 turns).

ryathie the Cleaver (Gargoyle Fighter)              Turns: 4021, Time: 00:19:19

Health: -13/96     AC: 32    Str: 20    XL:     10   Next: 2%
Magic:  10/10      EV:  2    Int:  9    God:    the Shining One [****..]
Gold:   61         SH:  4    Dex: 13    Spells: 9/9 levels left

rFire   . . .      SeeInvis .   a - +0 war axe (protect)
rCold   . . .      Faith    .   c - +0 buckler
rNeg    + + +      Spirit   .   (armour currently unavailable)
rPois   ∞          Reflect  .   (helmet currently unavailable)
rElec   .          Harm     .   (cloak currently unavailable)
rCorr   .          Rampage  .   (gloves currently unavailable)
Will    .....      NoTele   +   (boots currently unavailable)
Stlth   +.........              (no amulet)
HPRegen 0.26/turn               (no ring)
MPRegen 0.12/turn               (no ring)

@: brilliant, tree-form, under a protective aura, glowing, invisible (but
backlit and visible)
A: stationary, stasis, torment immunity, boosted hp, sickness immunity, AC +7,
negative energy resistance 1, (electricity resistance), torment resistance 1,
petrification resistance
a: Renounce Religion, Divine Shield, Cleansing Flame


You were on level 8 of the Dungeon.
You worshipped the Shining One.
The Shining One was greatly pleased with you.
You were a tree.
You visited 2 branches of the dungeon, and saw 9 of its levels.
You also visited: Ossuary.

You collected 268 gold pieces.
You spent 207 gold pieces at shops.

Inventory:

Hand Weapons
 a - a +0 war axe of protection (weapon)
Missiles
 i - 14 poisoned darts (quivered)
 l - 4 curare-tipped darts
Armour
 c - a +0 buckler (worn)
 e - a +0 helmet (melded)
 p - a +0 plate armour (melded)
 q - a +1 pair of boots (melded)
Wands
 n - a wand of polymorph (8)
 o - a wand of flame (19)
Scrolls
 k - a scroll of holy word
 s - a scroll of summoning
 t - 2 scrolls of teleportation
 u - a scroll of brand weapon
 v - a scroll of immolation
Potions
 b - a potion of heal wounds
 d - 2 potions of might
 f - 5 potions of curing
 g - a potion of brilliance
 h - 2 potions of berserk rage
 j - a potion of magic
 m - a potion of mutation


   Skills:
 + Level 8.0 Fighting
 * Level 8.9 Axes
 - Level 2.0 Throwing
 + Level 8.1 Armour
 - Level 3.2 Shields
 - Level 2.0 Evocations


You had 9 spell levels left.
You didn't know any spells.
Your spell library contained the following spells:

 Spells                   Type           Power      Damage    Failure   Level
 Corpse Rot               Necr/Air       0%         N/A       63%         2
 Poisonous Vapours        Pois/Air       0%         N/A       63%         2
 Malign Gateway           Summ/Tloc      0%         N/A       100%        7
 Summon Horrible Things   Summ           0%         N/A       100%        8


Dungeon Overview and Level Annotations

Branches:
Dungeon (8/15)             Temple (1/1) D:4         Ossuary (visited)
   Lair: D:8-11

Altars:
Fedhas
Gozag
Hepliaklqana
Makhleb
Vehumet
Wu Jian
Yredelemnul
Zin
The Shining One
Lugonu

Shops:
D:4 :*   D:7 [

Portals:
Abyss: D:4

Annotations:
D:4 2 runed translucent doors


Innate Abilities, Weirdness & Mutations

You are a tree.
Your roots penetrate the ground, keeping you stationary.
You cannot be teleported.
You are immune to unholy pain and torment.
Your maximum health is greatly increased.
Your equipment is partially melded.
You are immune to sickness and miasma.
((Your stone body is resilient. (AC +7)))
You are immune to poison.
You resist negative energy. (rN+)
((You are resistant to electric shocks. (rElec)))
You are resistant to unholy torment.
You are immune to petrification.


Message History

The centaur warrior kicks you but does no damage.
It was a potion of heal wounds.
You feel much better.
The centaur warrior hits you but does no damage.
You block the centaur warrior's attack.
The centaur warrior hits you but does no damage.
You block the centaur warrior's attack.
The centaur warrior hits you but does no damage.
The centaur warrior kicks you but does no damage.
The centaur warrior hits you but does no damage.
The centaur warrior kicks you but does no damage.
You hit the centaur warrior but do no damage.
Your weapon exudes an aura of protection.
You hit the centaur warrior.
The centaur warrior hits you but does no damage.
The centaur warrior kicks you but does no damage.
The centaur warrior hits you with a +1 great mace of protection!
* * * LOW HITPOINT WARNING * * *
The centaur warrior kicks you but does no damage.
It was a potion of lignification.
You turn into a tree.
Your +0 helmet melds into your body.
Your +1 pair of boots melds into your body.
Your +0 plate armour melds into your body.
Your roots penetrate the ground.
The centaur warrior hits you!
* * * LOW HITPOINT WARNING * * *
You block the centaur warrior's attack.
The centaur warrior hits you with a +1 great mace of protection!
The Shining One protects you from harm!
The centaur warrior kicks you but does no damage.
You block the centaur warrior's attack.
The centaur warrior kicks you but does no damage.
The centaur warrior hits you with a +1 great mace of protection!
* * * LOW HITPOINT WARNING * * *
You block the centaur warrior's attack.
It was a potion of invisibility.
You become transparent, but the glow from your halo prevents you from becoming completely invisible.
The centaur warrior hits you but does no damage.
The centaur warrior kicks you.
* * * LOW HITPOINT WARNING * * *
The centaur warrior hits you with a +1 great mace of protection!
You die...

#...............###<...##.#
#.####.....#.#.## ##.#.##..
#.#..###...#.#.# .#.#####
#.#.##.###...#.. .. #
###.#......###....# F..
....#.######.####.. ...#
###.#...)))..†.###.. ....
#.#.######.##cc##. ...## .#
#.#......###.#♣.### .#
###.#.##[### #.###..### .#
....#..### #.# #....###
###.# ###.#### #..#
#......### ..... #)# c}###
#..#.....###.... ###.# .J#D
#..###....)..... ....# ## e
#...#....###.... ###.# ##
#......###...... ##.#
#....###...##.##


You could see 2 centaur warriors.

Vanquished Creatures
  A hydra (D:8)
  A troll (D:8)
  Sigmund (D:4)
  4 water moccasins
  3 orc warriors
  2 necrophages
  An ogre (D:6)
  An elf zombie (Ossuary)
  A kobold brigand (D:7)
  A phantom (D:5)
  A bullfrog (D:8)
  A killer bee (D:8)
  6 wights
  A howler monkey (D:4)
  3 centaur zombies
  2 orc priests
  2 hounds
  3 human zombies (Ossuary)
  2 iguanas
  6 orc wizards
  A hound zombie (Ossuary)
  3 mummies (Ossuary)
  2 howler monkey zombies
  3 gnolls (D:6)
  2 howler monkey skeletons (D:7)
  6 adders
  A shadow imp (D:6)
  5 adder zombies (Ossuary)
  2 worms (D:4)
  16 orcs
  2 endoplasms
  3 giant cockroaches
  4 goblins
  5 hobgoblins
  3 quokkas (D:1)
  10 ball pythons
  7 bats
  A frilled lizard (D:1)
  2 gnoll zombies (Ossuary)
  5 goblin zombies (Ossuary)
  3 hobgoblin zombies (Ossuary)
  3 jackal zombies (Ossuary)
  11 kobolds
  4 kobold zombies (Ossuary)
  2 orc zombies (Ossuary)
  4 quokka zombies (Ossuary)
  3 rats
156 creatures vanquished.

Notes
Turn   | Place    | Note
-------+----------+-------------------------------------------
     0 | D:1      | ryathie the Gargoyle Fighter began the quest for the Orb.
     0 | D:1      | Reached XP level 1. HP: 14/14 MP: 1/1
   133 | D:2      | Reached XP level 2. HP: 16/20 MP: 2/2
   151 | D:2      | Reached XP level 3. HP: 17/24 MP: 3/3
   379 | D:1      | Reached XP level 4. HP: 29/30 MP: 4/4
   609 | D:3      | Found a faded altar of an unknown god.
   615 | D:3      | Found an opulent altar of Gozag.
   864 | D:4      | Reached skill level 1 in Throwing
  1027 | D:4      | Found a staircase to the Ecumenical Temple.
  1034 | Temple   | Entered the Ecumenical Temple
  1077 | Temple   | Became a worshipper of the Shining One
  1142 | D:4      | Reached XP level 5. HP: 30/34 MP: 5/5
  1163 | D:5      | Entered Level 5 of the Dungeon
  1248 | D:4      | Found a one-way gate to the infinite horrors of the Abyss.
  1263 | D:4      | Noticed Sigmund
  1263 | D:4      | Noticed a necrophage
  1287 | D:5      | Killed a necrophage
  1288 | D:5      | Reached skill level 5 in Fighting
  1359 | D:4      | Killed Sigmund
  1360 | D:4      | Reached XP level 6. HP: 7/41 MP: 6/6
  1582 | D:4      | Found a large runed translucent door.
  1582 | D:4      | Found a large runed translucent door.
  1584 | D:4      | Found a corrupted altar of Lugonu.
  1740 | D:4      | Found Huawkuing's Book Boutique.
  1743 | D:4      | Found Jetap's General Store.
  1784 | D:4      | Bought a potion of curing for 42 gold pieces
  1933 | D:6      | Found a sand-covered staircase.
  1941 | Ossuary  | Entered an ossuary
  1958 | Ossuary  | Reached * piety under the Shining One
  1970 | Ossuary  | Reached XP level 7. HP: 26/46 MP: 7/7
  2102 | Ossuary  | Reached ** piety under the Shining One
  2149 | Ossuary  | Reached skill level 5 in Axes
  2170 | Ossuary  | Reached *** piety under the Shining One
  2544 | D:5      | Reached XP level 8. HP: 48/53 MP: 8/8
  2719 | D:6      | Reached **** piety under the Shining One
  2794 | D:6      | Reached skill level 5 in Armour
  2858 | D:7      | Noticed a two-headed ogre
  3001 | D:7      | Found Xoammyll's Antique Armour Emporium.
  3029 | D:7      | Bought a pair of embroidered boots for 165 gold pieces
  3058 | D:7      | Reached XP level 9. HP: 53/57 MP: 9/9
  3108 | D:7      | Found a radiant altar of Vehumet.
  3108 | D:7      | Found a basalt altar of Yredelemnul.
  3108 | D:7      | Found an ornate altar of the Wu Jian Council.
  3295 | D:8      | Noticed a four-headed hydra
  3562 | D:8      | Killed a four-headed hydra
  3928 | D:8      | Noticed a troll
  3956 | D:8      | Killed a troll
  3957 | D:8      | Reached XP level 10. HP: 9/64 MP: 10/10
  4007 | D:8      | Noticed a four-headed hydra
  4007 | D:8      | Noticed a deep elf pyromancer
  4008 | D:8      | Noticed a centaur warrior
  4009 | D:8      | Noticed a centaur warrior
  4015 | D:8      | HP: 3/64 [centaur warrior (18)]
  4016 | D:8      | HP: 1/64 [centaur warrior (1)]
  4020 | D:8      | The Shining One protects you from harm!
  4021 | D:8      | HP: 1/96 [centaur warrior (1)]
  4021 | D:8      | Mangled by a centaur warrior

Illustrated notes

Levels and vault maps discovered:
D:1:      noname_arrival_rooms_in_the_neighbourhood, layout_rooms
D:2:      layout_rooms, minmay_pentomino_s2
D:3:      layout_loops_ring, nicolae_overflow_ecumenical_swirl,
          nicolae_underground_beach, uniq_ijyb
D:4:      due_chaos_kobolds, layout_loops_corners, temple_green,
          nicolae_wooded_promenade, serial_bayou_pond_d, uniq_sigmund
D:5:      layout_gridville, nicolae_figureground_pulse
D:6:      layout_cave_pods, chequers_ossuary_entry_cave
D:7:      layout_rooms, mainiacjoe_overflow_24_doors,
          gammafunk_temple_overflow_claw, serial_shops, shop
D:8:      minmay_the_grid_triangle_9x9_recursive_2
          [minmay_the_grid_triangle_9x9_prize_center,
          minmay_the_grid_triangle_9x9_from_above,
          minmay_the_grid_triangle_9x9_dagger,
          minmay_the_grid_triangle_9x9_pentomino_pain], layout_loops_ring,
          nemelex_diamond_rough_becter
Temple:   regret_index_temple_generic_petals

Skill      XL: |  1  2  3  4  5  6  7  8  9 10 |
---------------+-------------------------------+-----
Axes           | 2 3 4 5 7 8 |  8.9
Fighting       | 4 5 6 7 8 |  8.0
Throwing       | 1 2 |  2.0
Armour         | 4 6 8 |  8.1
Evocations     | 2 |  2.0
Shields        | |  3.2

Action                   |  1- 3 |  4- 6 |  7- 9 | 10-12 || total
-------------------------+-------+-------+-------+-------++-------
Melee: War axe           |    73 |   108 |   312 |     5 ||   498
Throw: Dart              |       |     4 |     2 |       ||     6
Evoke: Wand              |       |       |    10 |     2 ||    12
  Use: Scroll            |       |     5 |     8 |       ||    13
       Potion            |       |       |       |     4 ||     4
Armor: Scale mail        |    55 |    63 |    46 |       ||   164
       Plate armour      |       |       |   201 |    24 ||   225
       Skin              |       |       |       |     3 ||     3
Dodge: Dodged            |    48 |    47 |   100 |     3 ||   198
Block: Buckler           |    31 |    28 |    58 |     5 ||   122
